Workbook

Sheet Акт
A1: АКТ № 55/6-2017
A2: приемки оказанных услуг и (или) выполненных работ по содержанию и текущему ремонту общего имущества в многоквартирном доме № 6 квартала 55.
A3: г. Ангарск | D3: "31" марта 2018 г.
A5: Наименование вида работы (услуги) | B5: Периодичность/ количественный показатель выполненной работы (оказанной услуги) | C5: Единица измерения работы (услуги) | D5: Стоимость /сметная стоимость выполненной работы (оказанной услуги) за единицу | E5: Цена выполненной работы (оказанной услуги), в рублях
A6: Аварийное обслуживание
A7: Аварийное обслуживание | B7: Ежедневно | C7: руб. | D7: =E7 -> 3337 | E7: 3337
A8: Благоустройство
A9: Выкашивание газонов | B9: 100 | C9: м2 | D9: =E9/B9 -> 3.95 | E9: 395
A10: Вывоз и утилизация ТКО, в т.ч. крупногабаритного мусора
A11: Услуги по вывозу и утилизации ТБО, в т.ч. крупногабаритного мусора | B11: Ежедневно | C11: руб. | D11: =E11 -> 64686.38 | E11: 64686.38
A12: Обслуживание и текущий ремонт электрооборудования жилых домов
A13: Обслуживание и текущий ремонт электрооборудования жилых домов | B13: По плану | C13: руб. | D13: =E13 -> 7049.27 | E13: 7049.27
A14: Обслуживание инженерного оборудования
A15: Временная заделка свищей и трещин на внутренних трубопроводах и стояках. | B15: 1 | C15: 1 место | D15: =E15/B15 -> 199.58 | E15: 199.58
A16: Запуск потока воды: отопление, ГВС | B16: 1 | C16: 1 узел | D16: =E16/B16 -> 79.55 | E16: 79.55
A17: Запуск системы отопления. | B17: 1 | C17: 1 здание | D17: =E17/B17 -> 796.94 | E17: 796.94
A18: Опрессовка ТУ диаметром: до 100 мм | B18: 0.09 | C18: 100 м | D18: =E18/B18 -> 3725.8889 | E18: 335.33
A19: Осмотр системы центрального отопления, устройств в чердачных и подвальных помещениях. | B19: 0.146 | C19: 1000 м2 | D19: =E19/B19 -> 1551.5068 | E19: 226.52
A20: Осмотр СТО | B20: 0.01 | C20: 100 квартир | D20: =E20/B20 -> 23728 | E20: 237.28
A21: Осмотр СТО в чердачных и подвальных помещениях (весенний и осенний) | B21: 0.96 | C21: 1000 м2 | D21: =E21/B21 -> 1559.0938 | E21: 1496.73
A22: Осмотр, РХВ замеры | B22: 0.02 | C22: 100 шт. | D22: =E22/B22 -> 22494.5 | E22: 449.89
A23: Отключение системы отопления (консервация) - прим. | B23: 1 | C23: 1 здание | D23: =E23/B23 -> 384.58 | E23: 384.58
A24: Очистка канализационной сети: дворовой | B24: 0.025 | C24: 100 м | D24: =E24/B24 -> 41912 | E24: 1047.8
A25: Перевод отопления с подачи на обратку или с обратки на подачу | B25: 5 | C25: узел | D25: =E25/B25 -> 167.9 | E25: 839.5
A26: Перекрытие потока воды: отопление, ГВС | B26: 1 | C26: 1 узел | D26: =E26/B26 -> 64.18 | E26: 64.18
... A35: Устранение засоров санитарных приборов | B35: 3 | C35: 1 прибор | D35: =E35/B35 -> 237.99 | E35: 713.97
A36: Обслуживание конструктивных элементов
A37: Заделка отверстий, гнезд, и борозд: в перекрытиях железобетонных площадью до 0,1 м2 | B37: 0.013 | C37: м3 | D37: =E37/B37 -> 39721.538 | E37: 516.38
A38: Осмотр кровли, чердака, подъездов, подвального помещения - весенний осмотр | B38: 0.836 | C38: 1000 м2 | D38: =E38/B38 -> 1556.9976 | E38: 1301.65
A39: Осмотр стен фасадов (по заявкам) | B39: 0.1 | C39: 1000 м2 | D39: =E39/B39 -> 1280.4 | E39: 128.04
A40: Осмотр СТО в чердачных и подвальных помещениях (весенний и осенний) | B40: 1.01 | C40: 1000 м2 | D40: =E40/B40 -> 1613.5149 | E40: 1629.65
A41: Очистка желобов от мусора: вручную (при расчете 1 кг. мусора = 3 м 1 желоба) | B41: 130 | C41: м | D41: =E41/B41 -> 43.962923 | E41: 5715.18
A42: Очистка кровли от снега толщ. 10 см, сбивание сосулей (в) | B42: 90 | C42: 1 м 2 основания | D42: =E42/B42 -> 94.444111 | E42: 8499.97
A43: Обслуживание ОДПУ
A44: Техническое обслуживание ОДПУ | B44: Ежемесячно | C44: руб. | D44: =E44 -> 21600 | E44: 21600
A45: Расходы на истребование задолженности по оплате жилых помещений
A46: Истребование дебиторской задолженности | B46: По факту | C46: руб. | D46: =E46 -> 200 | E46: 200
A47: Текущий ремонт инженерного оборудования
A48: Врезка диаметром: 15 мм | B48: 1 | C48: шт | D48: =E48/B48 -> 1429.53 | E48: 1429.53
A49: Очистка фильтра от накипи (отложений) | B49: 2 | C49: шт | D49: =E49/B49 -> 936.9 | E49: 1873.8
A50: Регулировка КОРАЛЛа накидной гайкой, проверка работоспособности | B50: 1 | C50: шт | D50: =E50/B50 -> 395.57 | E50: 395.57
A51: Ремонт смесителя без душа, без снятия с места замена кран-буксы | B51: 1 | C51: 1 смеситель | D51: =E51/B51 -> 3831.36 | E51: 3831.36
A52: Смена отдельных участков трубопроводов из стальных водогазопроводных неоцинкованных труб д-м: 20 мм | B52: 1 | C52: 1 участок | D52: =E52/B52 -> 1276.01 | E52: 1276.01
A53: Текущий ремонт конструктивных элементов жилых зданий
A54: Выравнивание штукатурки внутри здания сухой растворимой смесью толщиной до 10 мм: потолков | B54: 0.04 | C54: 100 м2 | D54: =E54/B54 -> 41907.5 | E54: 1676.3
A55: Окраска клеевыми составами: простая (потолок) | B55: 0.04 | C55: 100 м2 | D55: =E55/B55 -> 5236 | E55: 209.44
A56: Отбивка штукатурки с поверхностей: откосов оконных | B56: 0.001 | C56: 100 м2 | D56: =E56/B56 -> 55450 | E56: 55.45
A57: Перенавеска водосточных труб. | B57: 0.025 | C57: 100 м | D57: =E57/B57 -> 44612 | E57: 1115.3
A58: Постановка заклепок в местах соединения труб | B58: 0.25 | C58: 100 шт. | D58: =E58/B58 -> 4974.88 | E58: 1243.72
A59: Ремонт отдельных мест покрытия из асбоцементных листов: обыкновенного профиля (мат. БУ) | B59: 1.26 | C59: м2 | D59: =E59/B59 -> 280.46032 | E59: 353.38
A60: Ремонт штукатурки лестничных маршей и площадок. | B60: 0.02 | C60: 100 м2 | D60: =E60/B60 -> 125899 | E60: 2517.98
A61: Ремонт штукатурки откосов внутри здания по камню и бетону цем-извест раствором: прямолинейных | B61: 0.001 | C61: 100 м2 | D61: =E61/B61 -> 137930 | E61: 137.93
A62: Смена дверных приборов: навесного замка | B62: 0.01 | C62: 100 приборов | D62: =E62/B62 -> 29456 | E62: 294.56
A63: Смена дверных приборов: пружин | B63: 0.01 | C63: 100 приборов | D63: =E63/B63 -> 33070 | E63: 330.7
A64: Смена стекол в деревянных переплетах при площади стекла до: 0,25 м | B64: 0.003 | C64: 100 м2 | D64: =E64/B64 -> 167833.33 | E64: 503.5
A65: Укрепление дверных приборов: петли (шарниры), шпингалеты, ручки накладные | B65: 0.01 | C65: 100 шт. | D65: =E65/B65 -> 46765 | E65: 467.65
... A68: Устройство промазки и расшивка швов панелей перекрытий раствором снизу | B68: 0.015 | C68: 100 м | D68: =E68/B68 -> 17135.333 | E68: 257.03
A69: Транспортные расходы
A70: Услуги а/вышки | B70: По факту | C70: руб. | D70: =E70 -> 409.09 | E70: 409.09
A71: Услуги автотранспорта | B71: По факту | C71: руб. | D71: =E71 -> 10016.57 | E71: 10016.57
A72: Уборка лестничных клеток
A73: Уборка л/клеток | B73: Еженедельно | C73: м2 | D73: =E73 -> 19508.59 | E73: 19508.59
A74: Уборка придомовой территории
A75: Уборка придомовой территории | B75: Еженедельно | C75: м2 | D75: =E75 -> 40300.64 | E75: 40300.64
A76: Услуги по управлению МКД
A77: Услуги по управлению МКД | B77: Ежедневно | C77: руб. | D77: =E77 -> 28793.784 | E77: =Бюджет!C25*10% -> 28793.784
A78: Итого: | E78: =SUM(E7:E77) -> 264732.12
A80: Всего за период с "01" января 2017 г. по "31"декабря 2017 г. выполнено работ (оказано услуг)
A81: на общую сумму 264 732,12 (Двести шестьдесят четыре тысячи семьсот тридцать два) рублей 02 коп.
A82: Работы (услуги) выполнены (оказаны) полностью, в установленные сроки, с надлежащим качеством.
A83: Претензий по выполнению условий Договора Стороны друг к другу не имеют.
A84: Настоящий Акт составлен в 2-х экземплярах, имеющих одинаковую юридическую силу,
A85: по одному для каждой из Сторон.
A87: Подписи Сторон:
A89: Исполнитель - Директор ООО "ЖЭУ № 6" Плотников А.А. | C89: __________________________
A90: (должность, ФИО) | C90: (подпись)
A92: Заказчик - ____________________________________________________ | C92: __________________________
A93: (ФИО) | C93: (подпись)

Sheet Бюджет
A1: Отчет по бюджету № 55/6-2017
A3: Период: с 01.01.2017 по 31.12.2017 года.
A5: Строение / По типу работ | B5: Расходы | C5: Начисления | D5: Поступления
A6: Долг за выполненные работы на 01.01.2017 г. | D6: 166070.63
A7: Cодержание жилья | C7: 118323.48 | D7: 123062.03
A8: Вывоз и утилизация ТКО | C8: 41528.64 | D8: 39500.31
A9: Обслуживание ОДПУ | C9: 21588.24 | D9: 17701.84
A10: Техническое обслуживание нежилых помещений | C10: 106497.48 | D10: 236135.65
A11: Аварийное обслуживание | B11: =Акт!E7 -> 3337
A12: Благоустройство | B12: =Акт!E9 -> 395
A13: Вывоз и утилизация ТКО, в т.ч. крупногабаритного мусора | B13: =Акт!E11 -> 64686.38
A14: Обслуживание и текущий ремонт электрооборудования жилых домов | B14: =Акт!E13 -> 7049.27
A15: Обслуживание инженерного оборудования | B15: =SUM(Акт!E15:E35) -> 28781.42
A16: Обслуживание конструктивных элементов | B16: =SUM(Акт!E37:E42) -> 17790.87
A17: Обслуживание ОДПУ | B17: =Акт!E44 -> 21600
A18: Расходы на истребование задолженности по оплате жилых помещений | B18: =Акт!E46 -> 200
A19: Текущий ремонт инженерного оборудования | B19: =SUM(Акт!E48:E52) -> 8806.27
A20: Текущий ремонт конструктивных элементов жилых зданий | B20: =SUM(Акт!E54:E68) -> 13057.24
A21: Транспортные расходы | B21: =SUM(Акт!E70:E71) -> 10425.66
A22: Уборка лестничных клеток | B22: =Акт!E73 -> 19508.59
A23: Уборка придомовой территории | B23: =Акт!E75 -> 40300.64
A24: Услуги по управлению МКД | B24: =Акт!E77 -> 28793.784
A25: Итого: | B25: =SUM(B7:B24) -> 264732.12 | C25: =SUM(C7:C24) -> 287937.84 | D25: =SUM(D7:D24) -> 416399.83 | E25: =D25-D6-B25 -> -14402.924
A26: Долг (доходы за минусом расходов) на 01.01.2018 г. - 14 402,92 руб.
A27: Задолженность по оплате за содержание и текущий ремонт на 01.01.2018 г. - 61 277,58 руб.
A29: Директор ООО "ЖЭУ №6" Плотников А.А. __________________
A30: Отчет составил: экономист Сундукова Ю.А. _______________
A31: Отчет получил: ________________________________________________________
A32: Дата __________________

Sheet 2018
A1: Отчет по бюджету № 55/6-2018
A3: Период: с 01.01.2018 по 31.12.2018 года.
A5: ОБЩИЕ СВЕДЕНИЯ ОБ ОБЪЕКТЕ
A6: Этажность | B6: 4/3 | C6: Общая жилая площадь, м2 | D6: 1373.3 | E6: Площадь кровли, м2 | F6: 1069.3
A7: Количество подъездов | B7: 3 | C7: Площадь нежилых помещений, м2 | D7: 765.8 | E7: Площадь чердаков, м2 | F7: 744.2
A8: Количество квартир | B8: 16 | C8: Площадь л/ клеток, тамбуров, лифтов, м/камер, м2 | D8: 175.9 | E8: Площадь подвалов, м2 | F8: 146.7
A11: Наименование | F11: Значение
A12: Переходящие остатки денежных средств за выполненые работы (на начало периода; + резерв, - долг) | F12: -14402.92
A13: Задолженность по оплате за содержание и текущий ремонт общего имущества МКД (на начало периода) | F13: =46224.8+5780.32 -> 52005.12
A14: Начислено за работы (услуги) по содержанию и текущему ремонту и аренду общего имущества МКД, в том числе: | F14: =SUM(F15:F17) -> 295513.5
A15: - за жилые помещения | F15: =159852.12+26862 -> 186714.12
A16: - за нежилые помещения | F16: 108799.38
A17: - за рекламу и аренду общего имущества МКД
A18: Получено денежных средств, в т. ч: | F18: =SUM(F19:F21) -> 324542.95
A19: - за жилые помещения | F19: 221407.68
A20: - за нежилые помещения | F20: 103135.27
A21: - за рекламу и аренду общего имущества МКД
A22: Всего денежных средств с учетом остатков | F22: =F12+F18 -> 310140.03
A23: Выполненные работы (оказанные услуги) по содержанию общего имущества и текущему ремонту в отчетном периоде | F23: ='Акт (2)'!E92 -> 285866.12
A24: Переходящие остатки денежных средств за выполненные работы (на конец периода; + резерв, - долг) | F24: =F22-F23 -> 24273.911
A25: Задолженность по оплате за содержание и текущий ремонт общего имущества МКД (на конец периода) | F25: =F13+F14-F18 -> 22975.67
A27: Директор ООО "ТРЭК" Плотников А.А. __________________
A28: Отчет составил: экономист Осипова М.С. _______________
A29: Отчет получил: ________________________________________________________
A30: Дата __________________

Sheet Акт (2)
A1: АКТ № 55/6-2018
A2: приемки оказанных услуг и (или) выполненных работ по содержанию и текущему ремонту общего имущества в многоквартирном доме № 6 квартала 55.
A3: г. Ангарск | D3: "31" марта 2019 г.
A5: Наименование вида работы (услуги) | B5: Периодичность/ количественный показатель выполненной работы (оказанной услуги) | C5: Единица измерения работы (услуги) | D5: Стоимость /сметная стоимость выполненной работы (оказанной услуги) за единицу | E5: Цена выполненной работы (оказанной услуги), в рублях
A6: Аварийное обслуживание
A7: Аварийное обслуживание | B7: Ежедневно | C7: руб. | D7: =E7 -> 3337 | E7: 3337
A8: Благоустройство
A9: Выкашивание газонов | B9: 100 | C9: м2 | D9: =E9/B9 -> 3.95 | E9: 395
A10: Окраска известковыми составами: по кирпичу и бетону (бордюр. столбики, столбы) | B10: 0.118 | C10: 100 м2 | D10: =E10/B10 -> 4695.8475 | E10: 554.11
A11: Очистка вручную поверхности фасадов от перхлорвиниловых и масляных красок: с люлей | B11: 0.07 | C11: 100 м2 | D11: =E11/B11 -> 41460 | E11: 2902.2
A12: Очистка помещений от мусора и хлама | B12: 0.001 | C12: т | D12: =E12/B12 -> 99730 | E12: 99.73
A13: Установка урны | B13: 1 | C13: 1 стойка | D13: =E13/B13 -> 3530.05 | E13: 3530.05
A14: Вывоз и утилизация ТКО, в т.ч. крупногабаритного мусора
A15: Вывоз и утилизация ТКО, в т.ч. крупногабаритный мусор | B15: Ежедневно | C15: руб. | D15: =E15 -> 64686.38 | E15: 64686.38
A16: Обслуживание и текущий ремонт электрооборудования жилых домов
A17: Обслуживание и текущий ремонт электрооборудования жилых домов | B17: По плану | C17: руб. | D17: =E17 -> 5969.28 | E17: =710.5+5258.78 -> 5969.28
A18: Обслуживание инженерного оборудования
A19: Запуск потока воды: отопление, ГВС | B19: 1 | C19: 1 узел | D19: =E19/B19 -> 83.75 | E19: 83.75
A20: Запуск системы отопления. | B20: 1 | C20: 1 здание | D20: =E20/B20 -> 839.52 | E20: 839.52
A21: Опрессовка ТУ диаметром: до 100 мм | B21: 0.09 | C21: 100 м | D21: =E21/B21 -> 4535.6667 | E21: 408.21
A22: Осмотр выпусков канализации (засоры, подпоры) прим. | B22: 1 | C22: 1 здание | D22: =E22/B22 -> 254.67 | E22: 254.67
A23: Осмотр СТО | B23: 0.05 | C23: 100 квартир | D23: =E23/B23 -> 24978 | E23: 1248.9
A24: Осмотр СТО в чердачных и подвальных помещениях (весенний и осенний) | B24: 3.015 | C24: 1000 м2 | D24: =E24/B24 -> 1678.7496 | E24: 5061.43
A25: Отключение системы отопления (консервация) - прим. | B25: 1 | C25: 1 здание | D25: =E25/B25 -> 503.4 | E25: 503.4
A26: Очистка канализационной сети: внутренней | B26: 0.73 | C26: 100 м | D26: =E26/B26 -> 13818.849 | E26: 10087.76
A27: Перевод отопления с подачи на обратку или с обратки на подачу | B27: 4 | C27: узел | D27: =E27/B27 -> 215.8725 | E27: 863.49
A28: Перекрытие потока воды: отопление, ГВС | B28: 1 | C28: 1 узел | D28: =E28/B28 -> 67.25 | E28: 67.25
A29: Подготовка элеваторного узла Д-80 к зиме | B29: 1 | C29: шт | D29: =E29/B29 -> 5968.55 | E29: 5968.55
A30: Промывка трубопровода системы отопления | B30: 6314 | C30: м3 | D30: =E30/B30 -> 1.3064856 | E30: 8249.15
... A34: Устранение засоров санитарных приборов | B34: 1 | C34: 1 прибор | D34: =E34/B34 -> 298.44 | E34: 298.44
A35: Обслуживание конструктивных элементов
A36: Закрытие слуховых окон и люков выхода на кровлю | B36: 0.3 | C36: 10 шт. | D36: =E36/B36 -> 1923.4667 | E36: 577.04
A37: Осмотр квартир | B37: 0.01 | C37: 100 квартир | D37: =E37/B37 -> 21916 | E37: 219.16
A38: Осмотр кровли, чердака, люков | B38: 0.37 | C38: 1000 м2 | D38: =E38/B38 -> 1684.8108 | E38: 623.38
A39: Осмотр кровли, чердака, подъездов, подвального помещения -подготовка к зиме | B39: 1.065 | C39: 1000 м2 | D39: =E39/B39 -> 1651.3052 | E39: 1758.64
A40: Очистка кровли от снега, сбивание сосулей (вышка) | B40: 60 | C40: 1 м 2 основания | D40: =E40/B40 -> 68.6285 | E40: 4117.71
A41: Очистка чердака от снега | B41: 4 | C41: 1 м 2 основания | D41: =E41/B41 -> 33.6825 | E41: 134.73
A42: Плановые проверки вентиляционных каналов и оголовков | C42: м2 | D42: =E42 -> 3267.57 | E42: 3267.57
A43: Проверка исправности канализационных вытяжек (по жалобе) | B43: 0.2 | C43: 1000 м2 | D43: =E43/B43 -> 1535.35 | E43: 307.07
A44: Проверка наличия тяги в ДВ и вент. каналах | B44: 0.05 | C44: 1000 м2 | D44: =E44/B44 -> 1536.6 | E44: 76.83
A45: Прочистка вентиляционных каналов | B45: 0.014 | C45: 100 м | D45: =E45/B45 -> 9219.2857 | E45: 129.07
A46: Смена дверных приборов: навесного замка | B46: 0.01 | C46: 100 приборов | D46: =E46/B46 -> 28881 | E46: 288.81
A47: Смена дверных приборов: накладка дверная | B47: 0.02 | C47: 100 приборов | D47: =E47/B47 -> 31304 | E47: 626.08
A48: Смена дверных приборов: пружин | B48: 0.01 | C48: 100 приборов | D48: =E48/B48 -> 32262 | E48: 322.62
A49: Смена оконных приборов: завертки форточные | B49: 0.02 | C49: 100 шт. | D49: =E49/B49 -> 18399.5 | E49: 367.99
A50: Смена стекол в деревянных переплетах при площади стекла до: 0,25 м | B50: 0.004 | C50: 100 м2 | D50: =E50/B50 -> 182995 | E50: 731.98
A51: Обслуживание ОДПУ
A52: Техническое обслуживание ОДПУ | B52: Ежемесячно | C52: руб. | D52: =E52 -> 21600 | E52: 21600
A53: Текущий ремонт инженерного оборудования
A54: Прокладка трубопроводов канализационных из полиэтиленовых труб высокой плотности: 110 мм | B54: 0.027 | C54: 100 м | D54: =E54/B54 -> 60426.667 | E54: 1631.52
A55: Разборка трубопровода из чугунных канализационных труб. диаметром 100мм | B55: 0.015 | C55: 100 м | D55: =E55/B55 -> 35935.333 | E55: 539.03
A56: Разборка трубопровода из чугунных канализационных труб. диаметром 50мм | B56: 0.091 | C56: 100 м | D56: =E56/B56 -> 52248.462 | E56: 4754.61
A57: Регулировка КОРАЛЛа накидной гайкой, проверка работоспособности | B57: 1 | C57: шт | D57: =E57/B57 -> 409.11 | E57: 409.11
A58: Регулировка температуры отопления в ИТП вентилями | B58: 1 | C58: шт | D58: =E58/B58 -> 299.45 | E58: 299.45
A59: Установка заглушек на трубопроводах д. до 100мм | B59: 0.01 | C59: 100 шт. | D59: =E59/B59 -> 57531 | E59: 575.31
A60: Установка заглушек на трубопроводах д. до 50мм | B60: 0.01 | C60: 100 шт. | D60: =E60/B60 -> 53891 | E60: 538.91
A61: Текущий ремонт конструктивных элементов жилых зданий
A62: Демонтаж-монтаж воронки с вышки | B62: 0.01 | C62: 100 шт. | D62: =E62/B62 -> 115869 | E62: 1158.69
A63: Железнение цементных покрытий | B63: 0.007 | C63: 100 м2 | D63: =E63/B63 -> 6180 | E63: 43.26
A64: Огрунтовка ранее окрашенных фасадов под окраску перхлорвиниловыми красками: сложных с вышки | B64: 0.2 | C64: 100 м2 | D64: =E64/B64 -> 22040 | E64: 4408
A65: Окраска известковыми составами ранее окрашенных фасадов простых: по штукатурке с земли и лесов | B65: 0.08 | C65: 100 м2 | D65: =E65/B65 -> 8418.75 | E65: 673.5
A66: Окраска маслянными составами ранее окрашенных металлических покрытий дверей: за два раза с земли и л | B66: 0.018 | C66: 100 м2 | D66: =E66/B66 -> 11687.778 | E66: 210.38
A67: Отбивка штукатурки с поверхностейстолбов, колонн | B67: 0.2 | C67: 100 м2 | D67: =E67/B67 -> 12296.3 | E67: 2459.26
A68: Очистка вручную поверхности фасадов от перхлорвиниловых и масляных красок: с земли и лесов | B68: 0.08 | C68: 100 м2 | D68: =E68/B68 -> 9074.25 | E68: 725.94
A69: Приготовление тяжелого бетона: на гравии класса В20 (М250) | B69: 0.001 | C69: 100 м3 | D69: =E69/B69 -> 368430 | E69: 368.43
A70: Протравка фасадов простых, карниза, с: земли и лесов (Прим) | B70: 0.08 | C70: 100 м2 | D70: =E70/B70 -> 9628.5 | E70: 770.28
A71: Протравка фасадов: простых с люлек | B71: 0.07 | C71: 100 м2 | D71: =E71/B71 -> 17784 | E71: 1244.88
A72: Разборка покрытий полов: цементных | B72: 0.007 | C72: 100 м2 | D72: =E72/B72 -> 64304.286 | E72: 450.13
A73: Ремонт обделок из листовой стали (парапета, карниза, отливов, поясков, сандриков, брандмауэров) | B73: 30 | C73: м | D73: =E73/B73 -> 157.063 | E73: 4711.89
... A82: Обезжиривание металлических поверхностей | B82: 0.018 | C82: 100 м2 | D82: =E82/B82 -> 9942.2222 | E82: 178.96
A83: Транспортные расходы
A84: Услуги автотранспорта | B84: По факту | C84: руб. | D84: =E84 -> 3140 | E84: 3140
A85: Уборка лестничных клеток
A86: Уборка л/клеток | B86: По тарифу | C86: м2 | D86: =E86 -> 19508.59 | E86: 19508.59
A87: Уборка придомовой территории
A88: Уборка придомовой территории | B88: По тарифу | C88: м2 | D88: =E88 -> 40300.64 | E88: 40300.64
A89: Услуги по вывозу и утилизации листвы, веток, деревьев, скошенной травы , смета и др. | B89: По факту | C89: руб. | D89: =E89 -> 1790.7 | E89: 1790.7
A90: Услуги по управлению МКД
A91: Услуги по управлению МКД | B91: Ежедневно | C91: руб. | D91: =E91 -> 25987.829 | E91: =SUM(E7:E89)*10% -> 25987.829 | G91: ='2018'!F14*10% -> 29551.35
A92: Итого: | E92: =SUM(E6:E91) -> 285866.12 | G92: =G91-E91 -> 3563.521
A94: Всего за период с "01" января 2018 г. по "31"декабря 2018 г. выполнено работ (оказано услуг) на общую сумму 285 866,12 руб. (Двести восемьдесят пять тысяч восемьсот шестьдесят шесть рублей 12 копеек)
A96: Работы (услуги) выполнены (оказаны) полностью, в установленные сроки, с надлежащим качеством.
A97: Претензий по выполнению условий Договора Стороны друг к другу не имеют.
A98: Настоящий Акт составлен в 2-х экземплярах, имеющих одинаковую юридическую силу, по одному для каждой из Сторон.
A102: Подписи Сторон:
A104: Исполнитель - Директор ООО "ТРЭК" Плотников А.А. | C104: __________________________
A105: (должность, ФИО) | C105: (подпись)
A107: Заказчик - ____________________________________________________ | C107: __________________________
A108: (ФИО) | C108: (подпись)

Sheet 2019
A1: Отчет по бюджету № 55/6-2019
A3: Период: с 01.01.2019 по 31.12.2019 года.
A5: ОБЩИЕ СВЕДЕНИЯ ОБ ОБЪЕКТЕ
A6: Этажность | B6: 4/3 | C6: Общая жилая площадь, м2 | D6: 1374.1 | E6: Площадь кровли, м2 | F6: 1069.3
A7: Количество подъездов | B7: 3 | C7: Площадь нежилых помещений, м2 | D7: 783.8 | E7: Площадь чердаков, м2 | F7: 744.2
A8: Количество квартир | B8: 16 | C8: Площадь л/ клеток, тамбуров, лифтов, м/камер, м2 | D8: 175.9 | E8: Площадь подвалов, м2 | F8: 146.7
A11: Наименование | F11: Значение
A12: Переходящие остатки денежных средств за выполненные работы (на начало периода; + резерв, - долг) | F12: 24273.911
A13: Задолженность по оплате за содержание и текущий ремонт общего имущества МКД (на начало периода) | F13: 22975.67
A14: Начислено за работы (услуги) по содержанию и текущему ремонту и аренду общего имущества МКД, в том числе: | F14: =SUM(F15:F17) -> 294220.98
A15: - за жилые помещения | F15: =200+171878.64+15183.27 -> 187261.91
A16: - за нежилые помещения | F16: 106959.07
A17: - за рекламу и аренду общего имущества МКД
A18: Получено денежных средств, в т. ч: | F18: =SUM(F19:F21) -> 246640.04
A19: - за жилые помещения | F19: =168968.43+200 -> 169168.43
A20: - за нежилые помещения | F20: 77471.61
A21: - за рекламу и аренду общего имущества МКД
A22: Всего денежных средств с учетом остатков | F22: =F12+F18 -> 270913.95
A23: Выполненные работы (оказанные услуги) по содержанию общего имущества и текущему ремонту в отчетном периоде | F23: =Лист3!E81 -> 306111.31
A24: Переходящие остатки денежных средств за выполненные работы (на конец периода; + резерв, - долг) | F24: =F22-F23 -> -35197.36 | I24: =F14*10% -> 29422.098
A25: Задолженность по оплате за содержание и текущий ремонт общего имущества МКД (на конец периода) | F25: =F13+F14-F18 -> 70556.61 | I25: =I24-Лист3!E80 -> 1593.797
A27: Директор ООО "ТРЭК" Плотников А.А. __________________
A28: Отчет составил: экономист Осипова М.С. _______________
A29: Отчет получил: ________________________________________________________
A30: Дата __________________

Sheet Лист3
A2: .
B3: АКТ № 55/6
B4: приемки оказанных услуг и (или) выполненных работ по содержанию
B5: и текущему ремонту общего имущества в многоквартирном доме
A6: г. Ангарск | E6: 31 марта 2020 г.
A8: Собственники помещений в многоквартином доме, расположенном по адресу: ________________________ , именуемые в дальнейшем "Заказчик", в лице ___________________________________________________________________________________,
A9: являющегося собственником квартиры № _____, находящейся в данном многоквартирном доме, действующего на основании протокола общего собрания собственников, с одной стороны, и управляющая компания ООО "ТРЭК", именуемая в дальнейшем
A10: "Исполнитель", в лице директора Плотникова А.А., действующего на основании Устава, с другой стороны, совместно именуемые "Стороны", составили настоящий акт о нижеследующем:
A11: 1. Исполнителем предъявлены к приемке следующие оказанные на основании договора управления многоквартирным домом или договора оказания услуг по содержанию и (или) выполнению работ по ремонту общего имущества в многоквартирном
A12: доме, либо договора подряда по выполнению работ по ремонту общего имущества в многоквартирном доме (указать нужное) № _______ от "____" ___________________ ______ г. (далее - "Договор") услуги и (или) выполненные работы по содержанию
A13: и текущему ремонту общего имущества в многоквартирном доме № _____, расположенном по адресу: ______________________:
A15: Наименование вида работы (услуги) | B15: Периодичность / количественный показатель выполненной работы (оказанной услуги) | C15: Единица измерения работы (услуги) | D15: Стоимость / сметная стоимость выполненной работы (оказанной услуги) за единицу | E15: Цена выполненной работы (оказанной услуги), в рублях
A16: Аварийное обслуживание
A17: Аварийное обслуживание | B17: Ежедневно | C17: руб. | D17: 0.13 | E17: 3337
A18: Благоустройство и обеспечение санитарного состояния МКД и придомовой територии
A19: Обрезка деревьев высотой: более 5 м без формовки | B19: 1 | C19: 1 дерево | D19: =E19/B19 -> 602.05 | E19: 602.05
A20: Уборка придомовой территории и лестничных клеток | B20: По тарифу | C20: м2 | D20: =E20 -> 96654.5 | E20: 96654.5
A21: Уборка чердаков и подвалов | B21: По тарифу | C21: м2 | D21: =E21 -> 855.72 | E21: 855.72
A22: Услуги спец.техники по благоустройству (очистка наледи, снега) | B22: По факту | C22: руб. | D22: =E22 -> 561.13 | E22: 561.13
A23: Обслуживание и текущий ремонт инженерного оборудования
A24: Регулировка температуры отопления в ИТП вентилями | B24: 2 | C24: шт | D24: =E24/B24 -> 303.33 | E24: 606.66
A25: Запуск потока воды: отопление, ГВС | B25: 2 | C25: 1 узел | D25: =E25/B25 -> 91.07 | E25: 182.14
A26: Ликвидация воздушных пробок в системе отопления, в стояке | B26: 1 | C26: 1 стояк | D26: =E26/B26 -> 666.22 | E26: 666.22
A27: Осмотр и устранение мелких неисправностей на РХВ | B27: 1 | C27: шт | D27: =E27/B27 -> 150.94 | E27: 150.94
A28: Осмотр системы центрального отопления, устройств в чердачных и подвальных помещениях. | B28: 0.1 | C28: 1000 м2 | D28: =E28/B28 -> 1791.3 | E28: 179.13
A29: Осмотр СТО | B29: 0.06 | C29: 100 квартир | D29: =E29/B29 -> 27196.333 | E29: 1631.78
A30: Осмотр СТО в чердачных и подвальных помещениях (весенний и осенний) | B30: 2.12 | C30: 1000 м2 | D30: =E30/B30 -> 1804.4057 | E30: 3825.34
A31: Осмотр СТО в чердачных и подвальных помещениях ФКР | B31: 1.066 | C31: 1000 м2 | D31: =E31/B31 -> 1815.394 | E31: 1935.21
A32: Отключение системы отопления (консервация) - прим. | B32: 1 | C32: 1 здание | D32: =E32/B32 -> 549.39 | E32: 549.39
A33: Отогрев трубопровода Д-32-50 | B33: 1 | C33: м | D33: =E33/B33 -> 644.12 | E33: 644.12
A34: Очистка канализационной сети: внутренней | B34: 0.3 | C34: 100 м | D34: =E34/B34 -> 15646.167 | E34: 4693.85
A35: Перевод отопления с подачи на обратку или с обратки на подачу | B35: 4 | C35: узел | D35: =E35/B35 -> 225.345 | E35: 901.38
... A43: Устранение засоров санитарных приборов | B43: 1 | C43: 1 прибор | D43: =E43/B43 -> 316.17 | E43: 316.17
A44: Обслуживание и текущий ремонт конструктивных элементов
A45: Демонтаж-монтаж частей фановых труб | B45: 0.025 | C45: 100 м | D45: =E45/B45 -> 16839.2 | E45: 420.98
A46: Окраска масляными составами по дереву: доски объявления | B46: 0.005 | C46: 100 м2 | D46: =E46/B46 -> 30102 | E46: 150.51
A47: Постановка заклепок в местах соединения труб | B47: 0.6 | C47: 100 шт. | D47: =E47/B47 -> 4793.8833 | E47: 2876.33
A48: Ремонт обделок из листовой стали (парапета, карниза, отливов, т.д)-(укрепление, промазка свищ.) | B48: 1 | C48: м | D48: =E48/B48 -> 98.97 | E48: 98.97
A49: Ремонт отдельных мест покрытия из асбоцементных листов: обыкновенного профиля (мат. БУ) | B49: 2.52 | C49: м2 | D49: =E49/B49 -> 293.00397 | E49: 738.37
A50: Ремонт отдельных мест скатной кровли (материалом Ризолит) | B50: 10.4 | C50: м2 | D50: =E50/B50 -> 605.72692 | E50: 6299.56
A51: Ремонт слухового окна с заменой брусков: с изготовлением элементов по размеру и профилю | B51: 0.01 | C51: 100 шт. | D51: =E51/B51 -> 88088 | E51: 880.88
A52: Установка досок объявлений с изготовлением | B52: 0.01 | C52: 100 шт. | D52: =E52/B52 -> 49392 | E52: 493.92
A53: Установка частей водосточных труб (отметов) | B53: 0.05 | C53: 100 шт. | D53: =E53/B53 -> 45894.2 | E53: 2294.71
A54: Установка частей водосточных труб с земли, лестниц и подмостей | B54: 0.066 | C54: 100 м | D54: =E54/B54 -> 43151.364 | E54: 2847.99
A55: Установка частей водосточных труб: отливов (отметов) бу | B55: 0.02 | C55: 100 шт. | D55: =E55/B55 -> 45761.5 | E55: 915.23
A56: Устройство рам слухового окна с остеклением и покраской | B56: 4 | C56: шт | D56: =E56/B56 -> 3604 | E56: 14416
... A61: Очистка канализационного стояка от наледи | B61: 1 | C61: 1 стояк | D61: =E61/B61 -> 212.38 | E61: 212.38
A62: Плановые проверки вентиляционных каналов и оголовков | B62: По графику | C62: 1000 м2 | D62: =E62 -> 2351.7 | E62: 2351.7
A63: Проверка исправности канализационных вытяжек | B63: 6 | C63: 1 кв | D63: =E63/B63 -> 228.33333 | E63: 1370
A64: Проверка наличия тяги в ДВ и вент. каналах | B64: 0.06 | C64: 1000 м2 | D64: =E64/B64 -> 1916.6667 | E64: 115
A65: Смена дверных приборов: навесного замка | B65: 0.01 | C65: 100 приборов | D65: =E65/B65 -> 7490 | E65: 74.9
A66: Смена дверных приборов: пружин | B66: 0.01 | C66: 100 приборов | D66: =E66/B66 -> 26411 | E66: 264.11
A67: Смена стекол в деревянных переплетах при площади стекла до: 0,25 м | B67: 0.006 | C67: 100 м2 | D67: =E67/B67 -> 194285 | E67: 1165.71
A68: Смена ухватов для водосточных труб: в каменных стенах | B68: 0.02 | C68: 100 шт. | D68: =E68/B68 -> 30307 | E68: 606.14
A69: Укрепление дверных приборов: петли (шарниры), шпингалеты, ручки накладные | B69: 0.04 | C69: 100 шт. | D69: =E69/B69 -> 46650.75 | E69: 1866.03
A70: Укрепление козырька над входной дверью в подъезд | B70: 0.025 | C70: т | D70: =E70/B70 -> 67766.8 | E70: 1694.17
A71: Обслуживание и текущий ремонт электрооборудования жилых домов
A72: Обслуживание и текущий ремонт электрооборудования жилых домов | B72: По договору | C72: руб. | D72: =E72 -> 6912.24 | E72: 6912.24
A73: Обслуживание ОДПУ
A74: Техническое обслуживание ОДПУ | B74: По договору | C74: руб. | D74: =E74 -> 21600 | E74: 21600
A75: Расходы на истребование задолженности по оплате жилых помещений
A76: Истребование дебиторской задолженности | B76: По факту | C76: руб. | D76: =E76 -> 953.88 | E76: 953.88
A77: Текущий ремонт
A78: Ремонт чердачного перекрытия | B78: По акту | C78: шт | D78: =E78 -> 54397.88 | E78: 54397.88
A79: Услуги по управлению МКД
A80: Услуги по управлению МКД | B80: Ежедневно | C80: руб. | D80: =E80 -> 27828.301 | E80: =SUM(E17:E78)*10% -> 27828.301 | G80: ='2019'!F14*10% -> 29422.098
A81: Итого: | E81: =SUM(E16:E80) -> 306111.31 | G81: =G80-E80 -> 1593.797
A84: 2. Всего за период с "01"января 2019 г. по "31"декября 2019 г. выполнено работ на общую сумму 306111.31 руб. (Триста шесть тысяч сто одиннадцать рублей 31 копейка)
A85: 3. Работы (услуги) выполнены (оказаны) полностью, в установленные сроки, с надлежащим качеством.
A86: 4. Претензий по выполнению условий Договора Стороны друг к другу не имеют.
A87: Настоящий акт составлен в 2-х экземплярах, имеющих одинаковую юридическую силу, по одному для каждой из Сторон.
A90: Исполнитель - Директор ООО "ТРЭК", Плотников А.А.
A91: _________________________________________ ____________________________________
D92: (подпись)
A94: Заказчик - ________________________________________ __________________________________
D95: (подпись)

Sheet 2020
A1: Отчет по бюджету № 55/6-2020
A3: Период: с 01.01.2020 по 31.12.2020 года.
A5: ОБЩИЕ СВЕДЕНИЯ ОБ ОБЪЕКТЕ
A6: Этажность | B6: 4/3 | C6: Общая жилая площадь, м2 | D6: 1374.1 | E6: Площадь кровли, м2 | F6: 1069.3
A7: Количество подъездов | B7: 3 | C7: Площадь нежилых помещений, м2 | D7: =600.5+182.8 -> 783.3 | E7: Площадь чердаков, м2 | F7: 744.2
A8: Количество квартир | B8: 16 | C8: Площадь л/ клеток, тамбуров, лифтов, м/камер, м2 | D8: 175.9 | E8: Площадь подвалов, м2 | F8: 146.7
A11: Наименование | F11: Значение | J11: =D6+D7 -> 2157.4
A12: Переходящие остатки денежных средств за выполненные работы (на начало периода; + резерв, - долг) | F12: -35197.36 | J12: =J11*11.33*12 -> 293320.1
A13: Задолженность по оплате за содержание и текущий ремонт общего имущества МКД (на начало периода) | F13: 70556.61 | J13: =2000+942.62 -> 2942.62
A14: Начислено за работы (услуги) по содержанию и текущему ремонту и аренду общего имущества МКД, в том числе: | F14: =SUM(F15:F17) -> 296262.94 | J14: =SUM(J12:J13) -> 296262.72
A15: - за жилые помещения | F15: 186822.84
A16: - за нежилые помещения | F16: 109440.1
A17: - за рекламу и аренду общего имущества МКД
A18: Получено денежных средств, в т. ч: | F18: =SUM(F19:F21) -> 268587.33
A19: - за жилые помещения | F19: 167704.78
A20: - за нежилые помещения | F20: 100882.55
A21: - за рекламу и аренду общего имущества МКД
A22: Всего денежных средств с учетом остатков | F22: =F12+F18+F23 -> 234508.97
A23: Корректировка за 2018 год | F23: 1119
A24: Выполненные работы (оказанные услуги) по содержанию общего имущества и текущему ремонту в отчетном периоде | F24: =Лист1!E95 -> 366762.46
A25: Переходящие остатки денежных средств за выполненные работы (на конец периода; + резерв, - долг) | F25: =F22-F24 -> -132253.49
A26: Задолженность по оплате за содержание и текущий ремонт общего имущества МКД (на конец периода) | F26: =F13+F14-F18 -> 98232.22 | H26: =48742.78+49489.44 -> 98232.22
A28: Директор ООО "ТРЭК" Плотников А.А. __________________
A29: Отчет составил: экономист Осипова М.С. _______________
A30: Отчет получил: ________________________________________________________
A31: Дата __________________

Sheet Лист1
A2: .
B3: АКТ № 55/6
A4: приемки оказанных услуг и (или) выполненных работ по содержанию
A5: и текущему ремонту общего имущества в многоквартирном доме
A6: г. Ангарск | E6: 31 марта 2021 г.
A8: Собственники помещений в многоквартином доме, расположенном по адресу: ________________________ , именуемые в дальнейшем "Заказчик", в лице ___________________________________________________________________________________,
A9: являющегося собственником квартиры № _____, находящейся в данном многоквартирном доме, действующего на основании протокола общего собрания собственников, с одной стороны, и управляющая компания ООО "ТРЭК", именуемая в дальнейшем
A10: "Исполнитель", в лице директора Плотникова А.А., действующего на основании Устава, с другой стороны, совместно именуемые "Стороны", составили настоящий акт о нижеследующем:
A11: 1. Исполнителем предъявлены к приемке следующие оказанные на основании договора управления многоквартирным домом или договора оказания услуг по содержанию и (или) выполнению работ по ремонту общего имущества в многоквартирном
A12: доме, либо договора подряда по выполнению работ по ремонту общего имущества в многоквартирном доме (указать нужное) № _______ от "____" ___________________ ______ г. (далее - "Договор") услуги и (или) выполненные работы по содержанию
A13: и текущему ремонту общего имущества в многоквартирном доме № _____, расположенном по адресу: ______________________:
A15: Наименование вида работы (услуги) | B15: Периодичность / количественный показатель выполненной работы (оказанной услуги) | C15: Единица измерения работы (услуги) | D15: Стоимость / сметная стоимость выполненной работы (оказанной услуги) за единицу | E15: Цена выполненной работы (оказанной услуги), в рублях
A16: Аварийное обслуживание
A17: Аварийное обслуживание | B17: Ежедневно | C17: руб. | D17: 0.13 | E17: 3365.54
A18: Благоустройство и обеспечение санитарного состояния МКД и придомовой територии
A19: Дезинфекция мест общего пользования МКД | B19: По факту | C19: м2 | D19: =E19 -> 3166.2 | E19: 3166.2
A20: Окраска известковыми составами: по кирпичу и бетону (бордюр. столбики, столбы) | B20: По факту | C20: 100 м2 | D20: =E20 -> 657.24 | E20: 657.24
A21: Уборка придомовой территории и лестничных клеток | B21: По тарифу | C21: м2 | D21: =E21 -> 98118.55 | E21: 98118.55
A22: Уборка чердаков и подвалов | B22: По тарифу | C22: м2 | D22: =E22 -> 171.05 | E22: 171.05
A23: Обслуживание и текущий ремонт инженерного оборудования
A24: Демонтаж- монтаж сгонов на подцепке радиатора: 20мм (перемотка) | B24: 1 | C24: 1 участок | D24: =E24/B24 -> 1054.1 | E24: 1054.1
A25: Демонтаж: радиаторов весом до 80 кг | B25: 0.01 | C25: 100 шт. | D25: =E25/B25 -> 49902 | E25: 499.02
A26: Заделка свища сваркой при длине стыка до 6 мм | B26: 1 | C26: шт | D26: =E26/B26 -> 711.33 | E26: 711.33
A27: Консервация системы отопления | B27: 1 | C27: 100 м | D27: =E27/B27 -> 724.61 | E27: 724.61
A28: Осмотр кровли,чердака,подъездов,подвала,фасада-после землетр-ия, в т.ч. рем-т выявленных повреждений | B28: По факту | C28: 1000 м2 | D28: =E28 -> 2125.87 | E28: 2125.87
A29: Проверка работ-ти запорной арматуры, устранение мелких неисправностей, проверка работы ПУ РХВ | B29: 0.01 | C29: 100 шт. | D29: =E29/B29 -> 30407 | E29: 304.07
A30: Регулировка температуры отопления в ИТП вентилями | B30: 1 | C30: шт | D30: =E30/B30 -> 381.16 | E30: 381.16
A31: Смена отдельных участков трубопроводов диаметром: 20 мм | B31: 1 | C31: 1 участок | D31: =E31/B31 -> 1151.4 | E31: 1151.4
A32: Установка регистра с изготовлением | B32: 1 | C32: шт | D32: =E32/B32 -> 5956.27 | E32: 5956.27
A33: Запуск потока воды: отопление, ГВС, ХВС | B33: 4 | C33: 1 узел | D33: =E33/B33 -> 98.335 | E33: 393.34
A34: Запуск системы отопления. | B34: 1 | C34: 1 здание | D34: =E34/B34 -> 1012.36 | E34: 1012.36
A35: Осмотр подвальных помещений | B35: 0.17 | C35: 1000 м2 | D35: =E35/B35 -> 1813.7059 | E35: 308.33
A36: Осмотр системы центрального отопления, устройства в чердачных и подвальных помещениях | B36: 0.17 | C36: 1000 м2 | D36: =E36/B36 -> 2032.3529 | E36: 345.5
A37: Осмотр СТО | B37: 0.06 | C37: 100 квартир | D37: =E37/B37 -> 30321.167 | E37: 1819.27
A38: Осмотр СТО в чердачных и подвальных помещениях (весенний и осенний) | B38: 2.126 | C38: 1000 м2 | D38: =E38/B38 -> 1919.3744 | E38: 4080.59
A39: Осмотр СТО в чердачных и подвальных помещениях ФКР | B39: 0.3 | C39: 1000 м2 | D39: =E39/B39 -> 2003.5333 | E39: 601.06
A40: Откачка воды из ливневки, приямка. дренажного колодца | B40: 0.018 | C40: 100 м3 | D40: =E40/B40 -> 77786.667 | E40: 1400.16
... A45: Подготовка элеваторного узла | B45: 1 | C45: шт | D45: =E45/B45 -> 4397.99 | E45: 4397.99
A46: Промывка трубопровода системы отопления | B46: 1 | C46: 1 здание | D46: =E46 -> 8168.99 | E46: 8168.99
A47: Сдача ИТП представителю энергоснабжающей организации | B47: 1 | C47: 1 ИТП | D47: =E47/B47 -> 868.12 | E47: 868.12
A48: Сдача РХВ представителю водоканала, составление акта | B48: 0.01 | C48: 1 ИТП | D48: =E48/B48 -> 30424 | E48: 304.24
A49: Снятие и запись замера в наряде (ИТП,РХВ) | B49: 33 | C49: 1 ИТП | D49: =E49/B49 -> 299.73212 | E49: 9891.16
A50: Обслуживание и текущий ремонт конструктивных элементов
A51: Герметизация вводов в подвальное помещение | B51: 0.01 | C51: 100 шт. | D51: =E51/B51 -> 34929 | E51: 349.29
A52: Изготовление щита из доски б/у | B52: 0.012 | C52: 100 м2 | D52: =E52/B52 -> 23330.833 | E52: 279.97
A53: Осмотр кровли,чердака,подъездов,подвала,фасада-после землетр-ия, в т.ч. рем-т выявленных повреждений | B53: По факту | C53: 1000 м2 | D53: =E53 -> 2494.89 | E53: 2494.89
A54: Разборка дымовых кирпичных труб и боровов в один канал | B54: 0.01 | C54: 100 м | D54: =E54/B54 -> 106255 | E54: 1062.55
A55: Ремонт дверных полотен (выдергивание гвоздей, подгонка, установка, укрепление притворной планки) | B55: 1 | C55: шт | D55: =E55/B55 -> 414.29 | E55: 414.29
A56: Ремонт кладки ДВ и ВК | B56: 0.016 | C56: 1 м3 | D56: =E56/B56 -> 17698.125 | E56: 283.17
A57: Ремонт обделок из листовой стали (парапета, карниза, отливов, т.д)-(укрепление, промазка свищ.) | B57: 3.4 | C57: м | D57: =E57/B57 -> 120.53235 | E57: 409.81
A58: Ремонт отдельных мест покрытия из асбоцементных листов: обыкновенного профиля (мат. БУ) | B58: 16.18 | C58: м2 | D58: =E58/B58 -> 314.45179 | E58: 5087.83
A59: Ремонт отдельных мест скатной кровли (материалом Унифлекс) | B59: 2.52 | C59: м2 | D59: =E59/B59 -> 383.01984 | E59: 965.21
A60: Ремонт отмостки: бетонной | B60: 0.012 | C60: 100 м2 | D60: =E60/B60 -> 174362.5 | E60: 2092.35
A61: Ремонт, укрепление металлический ограждений, металического каркаса козырька | B61: 1.98 | C61: м2 | D61: =E61/B61 -> 1069.3384 | E61: 2117.29
A62: Рыхление шлака на чердаке - обследование перекрытия | B62: 6.45 | C62: м2 | D62: =E62/B62 -> 527.82326 | E62: 3404.46
A63: Смена дверных приборов: ручки-скобы | B63: 0.01 | C63: 100 приборов | D63: =E63/B63 -> 22319 | E63: 223.19
A64: Смена частей водосточных труб: отливов (отметов) | B64: 0.01 | C64: 100 шт. | D64: =E64/B64 -> 56025 | E64: 560.25
A65: Снятие дверных полотен | B65: 0.016 | C65: 100 м2 | D65: =E65/B65 -> 18638.75 | E65: 298.22
... A75: Очистка канализационного стояка от наледи | B75: 2 | C75: 1 стояк | D75: =E75/B75 -> 218.37 | E75: 436.74
A76: Плановые проверки вентиляционных каналов и оголовков | B76: По плану | C76: 1000 м2 | D76: =E76 -> 3786.59 | E76: 3786.59
A77: Проверка исправности канализационных вытяжек (по жалобе) | B77: 0.4 | C77: 1000 м2 | D77: =E77/B77 -> 1972.45 | E77: 788.98
A78: Проверка наличия тяги в ДВ и вент. каналах | B78: 0.06 | C78: 1000 м2 | D78: =E78/B78 -> 1970.6667 | E78: 118.24
A79: Прочистка вентиляционных каналов | B79: 0.015 | C79: 100 м | D79: =E79/B79 -> 11859.333 | E79: 177.89
A80: Смена дверных приборов: пружин | B80: 0.01 | C80: 100 приборов | D80: =E80/B80 -> 30047 | E80: 300.47
A81: Укладка (установка) щитов из доски б/у (без подгонки) | B81: 0.012 | C81: 100 м2 | D81: =E81/B81 -> 10087.5 | E81: 121.05
A82: Обслуживание и текущий ремонт электрооборудования жилых домов
A83: Обслуживание и текущий ремонт электрооборудования жилых домов | B83: По договору | C83: руб. | D83: =E83 -> 7862.51 | E83: 7862.51
A84: Обслуживание ОДПУ
A85: Техническое обслуживание ОДПУ | B85: По договору | C85: руб. | D85: =E85 -> 21600 | E85: 21600
A86: Расходы на истребование задолженности по оплате жилых помещений. Содержание информационных систем
A87: Истребование дебиторской задолженности | B87: По факту | C87: руб. | D87: =E87 -> 2000 | E87: 2000
A88: Содержание информационных систем, обеспечивающих сбор, обработку и хранение данных | B88: По факту | C88: руб. | D88: =E88 -> 517.78 | E88: 517.78
A89: Текущий ремонт
A90: Ремонт балконов | B90: По плану | C90: шт | D90: =E90 -> 86677.82 | E90: 86677.82
A91: Ремонт чердачного перекрытия | B91: По плану | C91: шт | D91: =E91 -> 11733.26 | E91: 11733.26
A92: Услуги по управлению МКД
A93: Услуги по управлению МКД | B93: Ежедневно | C93: руб. | D93: =E93 -> 29626.294 | E93: ='2020'!F14*10% -> 29626.294
A94: Корректировка за 2019 год | B94: Ежедневно | C94: руб. | D94: =E94 -> 1593.797 | E94: ='2019'!F14*10%-Лист3!E80 -> 1593.797
A95: Итого: | E95: =SUM(E16:E94) -> 366762.46
A98: 2. Всего за период с "01"января 2020 г. по "31"декабря 2020 г. выполнено работ на общую сумму 366762.46 руб. (Триста шестьдесят шесть тысяч семьсот шестьдесят два рубля 46 копеек)
A99: 3. Работы (услуги) выполнены (оказаны) полностью, в установленные сроки, с надлежащим качеством.
A100: 4. Претензий по выполнению условий Договора Стороны друг к другу не имеют.
A101: Настоящий акт составлен в 2-х экземплярах, имеющих одинаковую юридическую силу, по одному для каждой из Сторон.
A104: Исполнитель - Директор ООО "ТРЭК", Плотников А.А.
A105: ________________________________________ ____________________________________
D106: (подпись)
A108: Заказчик - ________________________________________ __________________________________
D109: (подпись)

Sheet 2021
A1: Отчет по бюджету № 55/6-2021
A3: Период: с 01.01.2021 по 31.12.2021 года.
A5: ОБЩИЕ СВЕДЕНИЯ ОБ ОБЪЕКТЕ
A6: Этажность | B6: 4/3 | C6: Общая жилая площадь, м2 | D6: 1374.1 | E6: Площадь кровли, м2 | F6: 1069.3
A7: Количество подъездов | B7: 3 | C7: Площадь нежилых помещений, м2 | D7: =600.5+182.8 -> 783.3 | E7: Площадь чердаков, м2 | F7: 744.2
A8: Количество квартир | B8: 16 | C8: Площадь л/ клеток, тамбуров, лифтов, м/камер, м2 | D8: 175.9 | E8: Площадь подвалов, м2 | F8: 146.7
A11: Наименование | F11: Значение
A12: Переходящие остатки денежных средств за выполненные работы (на начало периода; + резерв, - долг) | F12: -132253.49
A13: Задолженность по оплате за содержание и текущий ремонт общего имущества МКД (на начало периода) | F13: 98232.22
A14: Начислено за работы (услуги) по содержанию и текущему ремонту и аренду общего имущества МКД, в том числе: | F14: =SUM(F15:F17) -> 294490.32
A15: - за жилые помещения | F15: 186822.84
A16: - за нежилые помещения | F16: 106497.48
A17: - за рекламу и аренду общего имущества МКД | F17: 1170
A18: Получено денежных средств, в т. ч: | F18: =SUM(F19:F21) -> 368050.91
A19: - за жилые помещения | F19: 211073.99
A20: - за нежилые помещения | F20: 155986.92
A21: - за рекламу и аренду общего имущества МКД | F21: 990
A22: Всего денежных средств с учетом остатков | F22: =F12+F18 -> 235797.42
A23: Выполненные работы (оказанные услуги) по содержанию общего имущества и текущему ремонту в отчетном периоде | F23: =акт21!E73 -> 215580.68
A24: Переходящие остатки денежных средств за выполненные работы (на конец периода; + резерв, - долг) | F24: =F22-F23+0.01 -> 20216.745
A25: Задолженность по оплате за содержание и текущий ремонт общего имущества МКД (на конец периода) | F25: =F13+F14-F18 -> 24671.63
A27: Директор ООО "ТРЭК" Плотников А.А. __________________
A28: Отчет составил: экономист _______________
A29: Отчет получил: ________________________________________________________
A30: Дата __________________

Sheet акт21
A2: .
A3: АКТ № 55/6
A4: приемки оказанных услуг и (или) выполненных работ по содержанию
A5: и текущему ремонту общего имущества в многоквартирном доме
A6: г. Ангарск | E6: 31 марта 2022 г.
A8: Собственники помещений в многоквартином доме, расположенном по адресу: ________________________ , именуемые в дальнейшем "Заказчик", в лице ___________________________________________________________________________________,
A9: являющегося собственником квартиры № _____, находящейся в данном многоквартирном доме, действующего на основании протокола общего собрания собственников, с одной стороны, и управляющая компания ООО "ТРЭК", именуемая в дальнейшем
A10: "Исполнитель", в лице директора Плотникова А.А., действующего на основании Устава, с другой стороны, совместно именуемые "Стороны", составили настоящий акт о нижеследующем:
A11: 1. Исполнителем предъявлены к приемке следующие оказанные на основании договора управления многоквартирным домом или договора оказания услуг по содержанию и (или) выполнению работ по ремонту общего имущества в многоквартирном
A12: доме, либо договора подряда по выполнению работ по ремонту общего имущества в многоквартирном доме (указать нужное) № _______ от "____" ___________________ ______ г. (далее - "Договор") услуги и (или) выполненные работы по содержанию
A13: и текущему ремонту общего имущества в многоквартирном доме № _____, расположенном по адресу: ______________________:
A15: Наименование вида работы (услуги) | B15: Периодичность / количественный показатель выполненной работы (оказанной услуги) | C15: Единица измерения работы (услуги) | D15: Стоимость / сметная стоимость выполненной работы (оказанной услуги) за единицу | E15: Цена выполненной работы (оказанной услуги), в рублях
A16: Аварийное обслуживание
A17: Аварийное обслуживание | B17: Ежедневно | C17: руб. | D17: 0.14 | E17: 2308.49
A18: Благоустройство и обеспечение санитарного состояния МКД и придомовой територии
A19: Валка деревьев в городских условиях: (дуб, бук, граб, клен, ясень) д. до 300мм | B19: 1.09 | C19: 1 м3 | E19: 2232.76
A20: Уборка придомовой территории и лестничных клеток | B20: По тарифу | C20: м2 | D20: =E20 -> 98118.6 | E20: 98118.6
A21: Уборка чердаков и подвалов | B21: По тарифу | C21: м2 | D21: =E21 -> 1035.48 | E21: 1035.48
A22: Обслуживание и текущий ремонт инженерного оборудования
A23: Регулировка температуры отопления в ИТП вентилями | B23: 2 | C23: шт | D23: =E23/B23 -> 381.865 | E23: 763.73
A24: Уплотнение сгонов без разборки. | B24: 2 | C24: 1 соединение | D24: =E24/B24 -> 86.86 | E24: 173.72
A25: Запуск потока воды: отопление, ГВС, ХВС | B25: 5 | C25: 1 узел | D25: =E25/B25 -> 98.842 | E25: 494.21
A26: Запуск системы отопления. | B26: 1 | C26: 1 здание | D26: =E26/B26 -> 1005.22 | E26: 1005.22
A27: Опрессовка ТУ диаметром: до 100 мм | B27: 1 | C27: 100 м | D27: =E27/B27 -> 961.8 | E27: 961.8
A28: Осмотр и устранение мелких неисправностей на РХВ | B28: 1 | C28: шт | D28: =E28/B28 -> 149.54 | E28: 149.54
A29: Осмотр квартир | B29: 0.01 | C29: 100 квартир | D29: =E29/B29 -> 30546 | E29: 305.46
A30: Осмотр подвальных помещений и выпуска при подпоре | B30: 3 | C30: 1 осмотр | D30: =E30/B30 -> 1107.0667 | E30: 3321.2
A31: Осмотр подъездов, подвального помещения, чердачного помещения - по жалобе | B31: 0.1 | C31: 1000 м2 | D31: =E31/B31 -> 3830.2 | E31: 383.02
A32: Осмотр СТО | B32: 0.02 | C32: 100 квартир | D32: =E32/B32 -> 30125 | E32: 602.5
A33: Осмотр СТО в чердачных и подвальных помещениях ФКР | B33: 1.066 | C33: 1000 м2 | D33: =E33/B33 -> 1915.0188 | E33: 2041.41
A34: Осмотр СТО в чердачных и подвальных помещениях (весенний и осенний) | B34: 1.06 | C34: 1000 м2 | D34: =E34/B34 -> 1811.6981 | E34: 1920.4
... A45: Уплотнение сгонов с применением льняной пряди или асбестового шнура (без разборки сгонов) | B45: 1 | C45: 1 соединение | D45: =E45/B45 -> 87.2 | E45: 87.2
A46: Обслуживание и текущий ремонт конструктивных элементов
A47: Изготовление щита из доски б/у | B47: 0.005 | C47: 100 м2 | D47: =E47/B47 -> 21542 | E47: 107.71
A48: Монтаж аншлагов, стенда, вывески, доски объявления и т.д. | B48: 0.03 | C48: 100 шт. | D48: =E48/B48 -> 40746.667 | E48: 1222.4
A49: Перенавеска в/сточ. отметов | B49: 0.03 | C49: 100 шт. | D49: =E49/B49 -> 26985 | E49: 809.55
A50: Ремонт отдельных мест покрытия из асбоцементных листов: обыкновенного профиля (мат. БУ) | B50: 5.62 | C50: м2 | D50: =E50/B50 -> 324.3879 | E50: 1823.06
A51: Ремонт отдельных мест покрытия из асбоцементных листов: обыкновенного профиля | B51: 1.26 | C51: м2 | D51: =E51/B51 -> 336.90476 | E51: 424.5
A52: Смена: прямых звеньев водосточных труб | B52: 0.033 | C52: 100 м | D52: =E52/B52 -> 18727.576 | E52: 618.01
A53: Установка доски объявлений - б/у | B53: 0.03 | C53: 100 шт. | D53: =E53/B53 -> 43347 | E53: 1300.41
A54: Осмотр кровли, чердака, подъездов, подвального помещения - | B54: 0.17 | C54: 1000 м2 | D54: =E54/B54 -> 2036.4118 | E54: 346.19
A55: Осмотр кровли, чердака, подъездов, подвального помещения - весенний осмотр | B55: 1.066 | C55: 1000 м2 | D55: =E55/B55 -> 2011.8856 | E55: 2144.67
A56: Осмотр кровли, чердака, подъездов, подвального помещения - осенний осмотр | B56: 1.066 | C56: 1000 м2 | D56: =E56/B56 -> 2013.8649 | E56: 2146.78
A57: Осмотр оголовков вент. каналов с целью предотвращения закупорки в зимнее время с записью в спец. жур | B57: 2.139 | C57: 1000 м2 | D57: =E57/B57 -> 610.40673 | E57: 1305.66
A58: Осмотр подъезда | B58: 0.01 | C58: 100 шт. | D58: =E58/B58 -> 30332 | E58: 303.32
... A60: Проверка исправности вент. каналов, правильного расположения оголовков относ. крыши и наличия тяги | B60: 1.069 | C60: 1000 м2 | D60: =E60/B60 -> 610.34612 | E60: 652.46
A61: Обслуживание и текущий ремонт электрооборудования жилых домов
A62: Обслуживание и текущий ремонт электрооборудования жилых домов | B62: По договору | C62: руб. | D62: =E62 -> 6093.28 | E62: 6093.28
A63: Обслуживание ОДПУ
A64: Техническое обслуживание ОДПУ | B64: По договору | C64: руб. | D64: =E64 -> 21600 | E64: 21600
A65: Расходы на истребование задолженности по оплате жилых помещений. Содержание информационных систем
A66: Истребование дебиторской задолженности | B66: По факту | C66: руб. | D66: =E66 -> 200 | E66: 200
A67: Содержание информационных систем, обеспечивающих сбор, обработку и хранение данных | B67: По факту | C67: руб. | D67: =E67 -> 504.83 | E67: 504.83 | F67: =SUM(E17:E67) -> 195982.44 | G67: 195982.46
A68: Услуги по управлению МКД
A69: Услуги по управлению МКД | B69: Ежедневно | C69: руб. | D69: =E69 -> 19598.244 | E69: =SUM(E17:E67)*10% -> 19598.244
A70: Итого: | E70: =F67+E69 -> 215580.68
A73: 2. Всего за период с "01"января 2021 г. по "31"декабря 2021 г. выполнено работ на общую сумму | E73: =E70 -> 215580.68
A74: Двести пятнадцать тысяч пятьсот восемьдесят рублей 68 копеек.
A75: 3. Работы (услуги) выполнены (оказаны) полностью, в установленные сроки, с надлежащим качеством.
A76: 4. Претензий по выполнению условий Договора Стороны друг к другу не имеют.
A77: Настоящий акт составлен в 2-х экземплярах, имеющих одинаковую юридическую силу, по одному для каждой из Сторон.
A79: Подписи Сторон:
A80: Исполнитель - Директор ООО "ТРЭК", Плотников А.А.
A81: ____________________________________________________ ____________________________________
D82: (подпись)
A84: Заказчик - ________________________________________ __________________________________
D85: (подпись)
